 Dungeon Crawl Stone Soup version 0.30.0-19-g36f170ea60 (webtiles) character file.

Game seed: 16030485235736819381

49647 Ijustatesigmund the Fighter (level 14, 0/94 HPs)
             Began as a Gargoyle Artificer on May 31, 2023.
             Was an Elder of the Shining One.
             Shot with an arrow by Nessos (3 damage)
             ... on level 3 of the Lair of Beasts on June 1, 2023.
             The game lasted 00:51:12 (19810 turns).

Ijustatesigmund the Fighter (Gargoyle Artificer)   Turns: 19810, Time: 00:51:13

Health: 0/94       AC: 37    Str: 16    XL:     14   Next: 51%
Magic:  20/23      EV: 11    Int: 17    God:    the Shining One [****..]
Gold:   905        SH: 11    Dex: 12    Spells: 18/24 levels left

rFire   . . .        z - +6 whip of Fury {heavy, rC+}
rCold   + + +        (no shield)
rNeg    + + +        b - +10 scale mail of Autotheism {rC+}
rPois   ∞            k - +0 helmet of the Echidna {rElec Dex+2 Slay+5}
rElec   +            C - +1 cloak
rCorr   .            I - +2 pair of gloves {Stlth+}
SInv    .            B - +1 pair of boots {Fly}
Will    +....        l - amulet of the acrobat
Stlth   +            h - ring of protection from cold
HPRegen 0.35/turn    n - ring of wizardry
MPRegen 0.18/turn

%: acrobat, wizardry (x1)
@: divinely shielded, flying, glowing, studying Stealth
A: sickness immunity, AC +10, big wings, negative energy resistance 1,
electricity resistance, torment resistance 1, petrification resistance
a: Renounce Religion, Divine Shield, Cleansing Flame


You were on level 3 of the Lair of Beasts.
You worshipped the Shining One.
The Shining One was greatly pleased with you.
You visited 3 branches of the dungeon, and saw 19 of its levels.
You also visited: Sewer, Bailey, Gauntlet and Volcano.

You collected 1145 gold pieces.
You spent 240 gold pieces at shops.

Inventory:

Hand Weapons
 a - a +1 spectral flail
 z - the +6 whip of Fury (weapon) {heavy, rC+}
   (You found it on level 4 of the Dungeon)

   rC:        It protects you from cold.
 N - the +12 pair of quick blades "Gyre" and "Gimble" {protect}
   (You took it off a minotaur in a Gauntlet)
 X - a +0 demon whip of venom
Missiles
 f - 3 throwing nets
Armour
 b - the +10 scale mail of Autotheism (worn) {rC+}
   (You found it on level 3 of the Dungeon)

   rC:        It protects you from cold.
 k - the +0 helmet of the Echidna (worn) {rElec Dex+2 Slay+5}
   (You found it in a Gauntlet)

   Dex:       It affects your dexterity (+2).
   Slay:      It affects your accuracy & damage with ranged weapons and melee
   (+5).
   rElec:     It insulates you from electricity.
 B - a +1 pair of boots of flying (worn)
 C - a +1 cloak (worn)
 E - a +0 cloak of fire resistance
 I - a +2 pair of gloves of stealth (worn)
 K - the +0 hat of Tartarus {+Blink rElec rPois Stlth-}
   (You found it in a Gauntlet)

   rElec:     It insulates you from electricity.
   rPois:     It protects you from poison.
   +Blink:    It lets you blink.
   Stlth:     It makes you less stealthy.
 O - a +2 plate armour of willpower
Jewellery
 d - a ring of positive energy
 h - a ring of protection from cold (left hand)
 i - a ring of ice
 l - an amulet of the acrobat (around neck)
 n - a ring of wizardry (right hand)
 p - a ring of willpower
 y - a ring of fire
 L - an amulet of faith
 P - an amulet of reflection
 Q - the ring of Jitzaz {Fly rC- Dex+5}
   (You took it off a skeletal warrior on level 12 of the Dungeon)

   [ring of flight]

   Dex:       It affects your dexterity (+5).
   rC:        It makes you vulnerable to cold.
   Fly:       It grants you flight.
 V - a ring of see invisible
Wands
 c - a wand of flame (48) (quivered)
 e - a wand of polymorph (10)
 H - a wand of roots (5)
Scrolls
 o - 5 scrolls of teleportation
 q - a scroll of fog
 t - 5 scrolls of enchant weapon
 x - 2 scrolls of blinking
 D - a scroll of immolation
 M - 5 scrolls of identify
 R - a scroll of silence
 S - 2 scrolls of amnesia {unknown}
 W - a scroll of fear
Potions
 g - 4 potions of attraction
 j - 3 potions of heal wounds
 m - 7 potions of might
 r - 8 potions of curing
 s - 4 potions of cancellation
 u - 4 potions of haste
 v - 3 potions of magic
 w - 3 potions of brilliance
 A - a potion of lignification
 G - 3 potions of mutation {unknown}
 J - 4 potions of degeneration {unknown}
 U - a potion of berserk rage {unknown}
Miscellaneous
 F - a phantom mirror (inert)
 T - a condenser vane (inert)


   Skills:
 + Level 13.5 Fighting
 - Level 2.3 Short Blades
 - Level 12.5 Maces & Flails
 - Level 7.7 Armour
 + Level 3.9 Dodging
 - Level 7.0 Stealth
 - Level 5.5 Spellcasting
 - Level 5.4 Conjurations
 - Level 6.4 Ice Magic
 + Level 12.0 Invocations
 - Level 3.7 Evocations


You had 18 spell levels left.
You knew the following spells:

 Your Spells              Type           Power      Damage    Failure   Level
a - Frozen Ramparts       Ice            52%        1d8       3%          3
b - Hailstorm             Conj/Ice       25%        3d7       4%          3

Your spell library contained the following spells:

 Spells                   Type           Power      Damage    Failure   Level
 Freeze                   Ice            100%       1d10      1%          1
 Ozocubu's Armour         Ice            26%        N/A       3%          3
 Foxfire                  Conj/Fire      56%        2x1d6     6%          1
 Kiss of Death            Conj/Necr      56%        2d9       6%          1
 Mephitic Cloud           Conj/Pois/Air  10%        N/A       24%         3
 Ice Form                 Ice/Tmut       15%        N/A       38%         4
 Confusing Touch          Hex            4%         N/A       43%         3
 Inner Flame              Hex/Fire       4%         N/A       43%         3
 Volatile Blastmotes      Fire/Tloc      8%         2d10      43%         3
 Irradiate                Conj/Tmut      7%         3d14      80%         5
 Animate Dead             Necr           4%         N/A       82%         4
 Cause Fear               Hex            2%         N/A       82%         4
 Dispel Undead            Necr           4%         3d7       82%         4
 Borgnjor's Vile Clutch   Necr/Erth      2%         N/A       98%         5
 Simulacrum               Ice/Necr       7%         N/A       99%         6
 Death Channel            Necr           2%         N/A       100%        6
 Ozocubu's Refrigeration  Ice            13%        4d10      100%        7


Dungeon Overview and Level Annotations

Branches:
Dungeon (15/15)            Temple (1/1) D:6            Lair (3/5) D:10
 Shoals (0/4) Lair:2        Snake (0/4) Lair:2          Orc (0/2) D:9
 Vaults (0/5) D:13          Sewer (visited)          Bailey (visited)
Volcano (visited)         Gauntlet (visited)
 Depths: D:15

Altars:
Ashenzari
Cheibriados
Dithmenos
Elyvilon
Fedhas
Gozag
Hepliaklqana
Kikubaaqudgha
Makhleb
Nemelex Xobeh
Okawaru
Qazlal
Ru
Sif Muna
Trog
Uskayaw
Vehumet
Wu Jian
Xom
Yredelemnul
Zin
The Shining One

Shops:
D:1 (   D:8 [

Annotations:
Lair:3 Nessos


Innate Abilities, Weirdness & Mutations

You are immune to sickness and miasma.
Your stone body is resilient. (AC +10)
You are immune to poison.
Your large and strong wings let you fly.
You resist negative energy. (rN+)
You are resistant to electric shocks. (rElec)
You are resistant to unholy torment.
You are immune to petrification.


Message History

Nessos blinks!
Nessos shouts, "I'm half human!
Half horse!
And all stone-cold KILLER!"
Nessos shoots an arrow.
The arrow completely misses you.
Nessos shoots an arrow.
The arrow hits you! The arrow burns you.
Nessos shoots an arrow.
The arrow barely misses you.
Nessos shoots an arrow.
The arrow closely misses you.
Nessos shoots an arrow.
The arrow hits you. The arrow burns you.
Nessos shoots an arrow.
The arrow hits you! The arrow burns you.
Nessos shoots an arrow.
The arrow barely misses you.
The arrow hits the plant!
The plant begins to die.
The arrow burns the plant.
Nessos gestures wildly while chanting.
Nessos blinks!
Nessos shoots an arrow.
The arrow hits you! The arrow burns you.
Nessos shoots an arrow.
The arrow completely misses you.
You are too injured to fight recklessly!
You are too injured to fight recklessly!
You are too injured to fight recklessly!
You feel better.
Nessos shoots an arrow.
The arrow hits you but does no damage.
Nessos shoots an arrow.
The arrow hits you!! The arrow burns you.
* * * LOW HITPOINT WARNING * * *
Nessos shoots an arrow.
The arrow barely misses you.
You feel much better.
Nessos gestures wildly while chanting.
Nessos blinks!
Nessos shoots an arrow.
The arrow hits you but does no damage. A divine shield forms around you!
A nearby plant withers and dies.
Nessos casts a spell.
Nessos blinks!
Nessos intently looks at you, slowly moving their tail.
Nessos mumbles some strange words.
Nessos blinks!
Nessos shoots an arrow.
The arrow hits you! The arrow burns you.
Clouds of noxious fumes condense around you!
The condenser dries out!
Nessos shoots an arrow.
The arrow hits you!
* * * LOW HITPOINT WARNING * * *
The arrow burns you.
* * * LOW HITPOINT WARNING * * *
Nessos shoots an arrow.
You block the arrow.
Nessos shoots an arrow.
The arrow hits you!
* * * LOW HITPOINT WARNING * * *
The arrow burns you.
You die...

≈~~....#....P....##
~~~.........#.....#
~......#.....§c[.##
.......#.....§....#
P.........#.......#
'...†...........§##
#..##..#####..#...#
.. #### ##.##.## .
####@# #..# ##.##
#...# ##.## #..##
##..# #.P# #.##


You could see Nessos (fast).

Vanquished Creatures
  Gastronok (Lair:3)
  A stone giant (Volcano)
  A minotaur (Gauntlet)
  Josephine (Lair:3)
  A hydra (Lair:3)
  An ogre mage (D:13)
  A boulder beetle (D:12)
  3 two-headed ogres
  Erica (D:11)
  2 centaur warriors (D:13)
  Urug (D:13)
  Amaemon (Lair:2)
  A fire crab (Gauntlet)
  A skeletal warrior (D:12)
  An orc knight (Bailey)
  Pikel (D:4)
  4 harpies (Lair:2)
  A deep elf archer (D:13)
  2 deep elf pyromancers (D:13)
  3 deep elf zephyrmancers (D:13)
  The ghost of purpleHaze the Digger, a novice HuEE (D:5)
  An ugly thing (D:13)
  A manticore (D:13)
  3 cyclopes
  3 black mambas
  A rust devil (Gauntlet)
  4 centaur skeletons (D:13)
  4 gargoyles
  An orange demon (Lair:2)
  A hellion (Gauntlet)
  2 cane toads
  A smoke demon (Gauntlet)
  Maggie (D:6)
  4 komodo dragons
  An unseen horror (D:12)
  A rime drake (Lair:3)
  A kobold demonologist (D:12)
  An efreet (Volcano)
  4 yaktaurs (D:13)
  A polar bear (shapeshifter) (D:13)
  4 trolls
  2 polar bears
  Grinder (Sewer)
  Prince Ribbit (D:6)
  14 blink frogs
  2 vampires
  3 wyverns
  Eustachio (D:6)
  A ynoxinul (Gauntlet)
  30 yaks
  7 wraiths
  2 basilisks
  4 steam dragons
  8 fire bats
  3 fire elementals (Volcano)
  11 vampire mosquitoes
  A naga (Lair:2)
  8 water moccasins
  An acid dragon (D:12)
  2 black bears
  8 orc warriors
  2 sky beasts
  An ice beast (D:6)
  5 ogres
  13 centaurs
  A phantom (D:5)
  A lemure (D:3)
  12 kobold brigands
  5 bullfrogs
  An earth elemental (Volcano)
  4 gnoll sergeants
  A scorpion (D:4)
  8 wights
  6 killer bees (D:9)
  4 howler monkeys
  8 lava snakes (Volcano)
  Crazy Yiuf (D:7)
  3 hounds
  A jelly (D:7)
  2 orc priests
  2 gnoll boudas
  3 iron imps (Gauntlet)
  7 sleepcaps
  An iguana (D:4)
  5 orc wizards
  Robin (D:4)
  23 gnolls
  3 adders
  3 shadow imps
  An ufetubus (Sewer)
  3 worms
  2 dart slugs (D:2)
  31 orcs
  11 ball pythons
  A bat (D:1)
  A bat zombie (Sewer)
  3 endoplasms
  6 giant cockroaches
  16 goblins
  7 hobgoblins
  2 jackals (D:1)
  2 quokkas
  5 frilled lizards
  28 kobolds
  A kobold zombie (Sewer)
  5 rats
432 creatures vanquished.

Vanquished Creatures (collateral kills)
  Rupert (Lair:3)
  A shadow imp (Sewer)
  A hobgoblin (D:1)
  3 kobolds (Sewer)
6 creatures vanquished.

Vanquished Creatures (others)
  2 quasits (Sewer)
  An ufetubus (Sewer)
  An adder zombie (Sewer)
  A bat zombie (Sewer)
  A giant cockroach (D:1)
  A hobgoblin (D:4)
  A quokka (D:1)
  A ball python (Sewer)
  A kobold zombie (Sewer)
10 creatures vanquished.

Grand Total: 448 creatures vanquished

Notes
Turn   | Place    | Note
-------+----------+-------------------------------------------
     0 | D:1      | Ijustatesigmund the Gargoyle Artificer began the quest for
                  | the Orb.
     0 | D:1      | Reached XP level 1. HP: 12/12 MP: 1/1
   504 | D:1      | Reached skill level 1 in Maces & Flails
   522 | D:1      | Reached XP level 2. HP: 16/16 MP: 2/2
   743 | D:1      | Found Laphe Xouph's Weapon Shop.
   958 | D:2      | Found a faded altar of an unknown god.
  1021 | D:2      | Reached XP level 3. HP: 21/21 MP: 3/3
  1035 | D:2      | Reached skill level 2 in Fighting
  1043 | D:2      | Found a hide-covered altar of Uskayaw.
  2305 | D:3      | Reached XP level 4. HP: 8/27 MP: 4/4
  2553 | D:3      | Found a glowing drain.
  2564 | Sewer    | Entered a sewer
  2664 | Sewer    | Noticed Grinder
  2683 | Sewer    | Killed Grinder
  2684 | Sewer    | Reached skill level 3 in Fighting
  2684 | Sewer    | Reached XP level 5. HP: 21/33 MP: 5/5
  2684 | Sewer    | Reached XP level 6. HP: 25/38 MP: 6/6
  2859 | Sewer    | Found a burning altar of Makhleb.
  2872 | Sewer    | Reached skill level 4 in Fighting
  2872 | Sewer    | Reached skill level 5 in Maces & Flails
  3820 | D:3      | Identified the +10 scale mail of Autotheism {rC+}
  3893 | D:4      | Noticed Pikel
  3954 | D:4      | Killed Pikel
  3955 | D:4      | Reached skill level 5 in Fighting
  3955 | D:4      | Reached XP level 7. HP: 30/44 MP: 7/7
  3955 | D:4      | Reached XP level 8. HP: 34/50 MP: 8/8
  4293 | D:4      | Reached skill level 6 in Fighting
  4508 | D:4      | Noticed Robin
  4537 | D:4      | Killed Robin
  4673 | D:4      | Reached skill level 5 in Armour
  4839 | D:4      | Identified the +6 whip of Fury {heavy, rC+}
  4906 | D:5      | Entered Level 5 of the Dungeon
  5661 | D:5      | Found a large runed translucent door.
  5661 | D:5      | Found a large runed translucent door.
  5665 | D:5      | Noticed purpleHaze's ghost (novice HuEE)
  5794 | D:5      | Killed purpleHaze's ghost
  5795 | D:5      | Reached skill level 7 in Fighting
  5795 | D:5      | Reached XP level 9. HP: 57/57 MP: 9/9
  5838 | D:6      | Found a staircase to the Ecumenical Temple.
  5854 | Temple   | Entered the Ecumenical Temple
  6248 | Temple   | Became a worshipper of the Shining One
  6295 | D:6      | Noticed Maggie
  6297 | D:6      | Noticed Prince Ribbit
  6468 | D:6      | Killed Prince Ribbit
  6469 | D:6      | Reached skill level 1 in Invocations
  6616 | D:6      | Noticed Eustachio
  6642 | D:6      | Killed Eustachio
  6691 | D:6      | Killed Maggie
  6776 | D:6      | Reached skill level 8 in Fighting
  7402 | D:7      | Reached XP level 10. HP: 65/65 MP: 12/12
  7958 | D:7      | Found a runed translucent door.
  7959 | D:7      | Noticed Crazy Yiuf
  7964 | D:7      | Paralysed by Crazy Yiuf for 3 turns
  7968 | D:7      | Killed Crazy Yiuf
  7981 | D:7      | Learned a level 3 spell: Frozen Ramparts
  8015 | D:7      | Found a hazy altar of Hepliaklqana.
  8096 | D:8      | Found Quycam's Antique Armour Shop.
  8099 | D:8      | Bought a pair of embroidered boots for 240 gold pieces
  8128 | D:8      | Reached * piety under the Shining One
  8150 | D:8      | Reached skill level 1 in Ice Magic
  8177 | D:8      | Reached skill level 9 in Fighting
  8183 | D:8      | Reached skill level 5 in Invocations
  8293 | D:8      | Found a flagged portal.
  8306 | Bailey   | Entered a bailey
  8379 | Bailey   | Noticed an orc knight
  8405 | Bailey   | Killed an orc knight
  8406 | Bailey   | Reached XP level 11. HP: 52/72 MP: 13/15
  8553 | Bailey   | Reached skill level 10 in Fighting
  8716 | Bailey   | Found an iron altar of Okawaru.
  8805 | D:8      | Reached ** piety under the Shining One
  8806 | D:8      | Reached skill level 10 in Maces & Flails
 10053 | D:9      | Found a staircase to the Orcish Mines.
 10062 | D:9      | Reached skill level 5 in Ice Magic
 10582 | D:9      | Found a shimmering blue altar of Sif Muna.
 10625 | D:10     | Entered Level 10 of the Dungeon
 10760 | D:10     | Reached skill level 5 in Stealth
 11200 | D:10     | Found a staircase to the Lair.
 11645 | D:11     | Noticed Erica
 11659 | D:11     | Killed Erica
 11918 | D:11     | Reached XP level 12. HP: 48/79 MP: 13/17
 11923 | D:11     | Reached *** piety under the Shining One
 12252 | D:12     | You are sucked into a shaft and drop 3 floors!
 12252 | D:15     | Entered Level 15 of the Dungeon
 12314 | D:13     | Reached skill level 11 in Fighting
 12453 | D:13     | Noticed a boulder beetle
 12509 | D:12     | Found a gate leading to a gauntlet.
 12525 | Gauntlet | Entered a Gauntlet
 12525 | Gauntlet | Found a transporter.
 12570 | Gauntlet | Found a transporter.
 12598 | Gauntlet | Found a transporter.
 12624 | Gauntlet | Found a transporter.
 12626 | Gauntlet | Found a transporter.
 12628 | Gauntlet | Found a transporter.
 12664 | Gauntlet | Found a transporter.
 12822 | Gauntlet | Found a transporter.
 12823 | Gauntlet | Noticed a reaper
 12832 | Gauntlet | Found a transporter.
 12933 | Gauntlet | Identified the +0 helmet of the Echidna {rElec Dex+2
                  | Slay+5}
 12959 | Gauntlet | Found a transporter.
 13043 | Gauntlet | Noticed a reaper
 13059 | Gauntlet | Found a transporter.
 13065 | Gauntlet | Reached skill level 1 in Spellcasting
 13136 | Gauntlet | Identified the +0 hat of Tartarus {+Blink rElec rPois
                  | Stlth-}
 13140 | Gauntlet | Found a transporter.
 13144 | Gauntlet | Found a transporter.
 13182 | Gauntlet | Noticed a minotaur
 13199 | Gauntlet | Killed a minotaur
 13335 | Gauntlet | Got the Grimoire of Displaced Interference
 13335 | Gauntlet | Got Leafrux's Vademecum on the Roasted Salvo
 13526 | D:12     | Noticed a two-headed ogre
 13534 | D:12     | Killed a two-headed ogre
 14115 | D:13     | Noticed a centaur warrior
 14126 | D:13     | Killed a centaur warrior
 14133 | D:13     | Reached skill level 12 in Fighting
 14138 | D:13     | Noticed a two-headed ogre
 14139 | D:13     | Reached **** piety under the Shining One
 14143 | D:13     | Noticed a two-headed ogre
 14151 | D:13     | Killed a two-headed ogre
 14152 | D:13     | Reached XP level 13. HP: 56/86 MP: 9/20
 14287 | D:13     | Reached skill level 10 in Invocations
 14589 | D:13     | Identified the ring of Jitzaz {Fly rC- Dex+5}
 15102 | D:13     | Reached skill level 5 in Spellcasting
 15487 | D:13     | Noticed Urug
 15497 | D:13     | Killed Urug
 15648 | D:13     | Found a gate to the Vaults.
 15938 | Lair:1   | Entered Level 1 of the Lair of Beasts
 16051 | Lair:1   | Found a bloodstained altar of Trog.
 16203 | Lair:1   | Reached skill level 13 in Fighting
 16356 | Lair:1   | Reached skill level 1 in Dodging
 16553 | Lair:1   | Reached skill level 1 in Short Blades
 16845 | Lair:2   | Found a staircase to the Shoals.
 16850 | Lair:2   | Found a dark tunnel.
 16867 | Volcano  | Entered a volcano
 16949 | Volcano  | Learned a level 3 spell: Hailstorm
 17166 | Volcano  | Reached skill level 1 in Conjurations
 17184 | Volcano  | Gained mutation: Your large and strong wings let you fly.
                  | [Gargoyle growth]
 17184 | Volcano  | Reached XP level 14. HP: 83/94 MP: 22/22
 17290 | Volcano  | Noticed a stone giant
 17311 | Volcano  | Killed a stone giant
 17459 | Volcano  | Found a bloodstained altar of Trog.
 17486 | Volcano  | Found a burning altar of Makhleb.
 17635 | Lair:2   | Found a staircase to the Snake Pit.
 17936 | Lair:2   | Noticed Amaemon
 17950 | Lair:2   | Killed Amaemon
 17951 | Lair:2   | Reached skill level 5 in Conjurations
 18300 | Lair:3   | Noticed Rupert
 18633 | Lair:3   | Noticed Gastronok
 19281 | Lair:3   | Killed Gastronok
 19488 | Lair:3   | Noticed Josephine
 19497 | Lair:3   | Killed Josephine
 19527 | Lair:3   | Paralysed by Rupert for 3 turns
 19535 | Lair:3   | Killed Rupert
 19790 | Lair:3   | Noticed Nessos
 19810 | Lair:3   | HP: 3/94 [Nessos/arrow (12)]
 19810 | Lair:3   | Shot with an arrow by Nessos

Illustrated notes

Levels and vault maps discovered:
D:1:      minmay_arrival_cross, layout_loops_ring, serial_shops,
          nicolae_shop_bloodbath_and_beyond
D:2:      layout_basic, ebering_ecumenical_altar_webs, basic_altar
D:3:      layout_loops_ring, portal_sewer_entry_e
D:4:      layout_rooms, corexii_corridor_pit, kennysheep_generic_room_12,
          uniq_pikel, uniq_robin
D:5:      layout_loops_corners, ebering_ghost_disaster_area
D:6:      layout_cave_pools, minmay_temple_entry_glass, uniq_prince_ribbit1,
          uniq_maggie, uniq_eustachio
D:7:      layout_basic, worldfamousw_hep_ancestral_shrine,
          uniq_crazy_yiuf_cottage
D:8:      layout_loops_ring, enter_bailey_5, serial_shops, shop, centaur_isle
D:9:      layout_loops_cross, mainiacjoe_overflow_alcove_2,
          kennysheep_orc_monster_closet_entryway
D:10:     layout_irregular_city, dpeg_oklobed_lair
D:11:     layout_gridville, nicolae_elevator_lobby_plus, uniq_erica
D:12:     layout_loops_ring, gauntlet_entry_generic
D:13:     layout_roguey, hangedman_vaults_entry_quadrant_bands, uniq_urug
D:14:     layout_cave_pods
D:15:     grunt_enter_depths_magical_seal, layout_loops_ring,
          chequers_serial_rivers_small_b
Temple:   mainiacjoe_temple_big_plus
Lair:1:   layout_long_grid, basic_altar, serial_bayou_shore_b,
          grunt_megastairs_1
Lair:2:   layout_loops_ring, nicolae_shoals_entry_roost,
          guppyfry_snake_entry_garden, nicolae_volcano_entry_lava_flow,
          lemuel_fruit_fields, uniq_amaemon
Lair:3:   layout_chaotic_city, basic_altar, grunt_megastairs_2,
          infiniplex_staircase_pool_2, lemuel_fruit_fields, uniq_nessos,
          uniq_gastronok, uniq_josephine, uniq_rupert

Skill      XL: |  1  2  3  4  5  6  7  8  9 10 11 12 13 14 |
---------------+-------------------------------------------+-----
Maces & Flails | 1 2 4 6 7 8 9 10 11 12 | 12.5
Fighting       | 2 3 5 7 8 9 10 12 13 | 13.5
Armour         | 4 6 7 |  7.7
Invocations    | 3 6 7 9 11 12 | 12.0
Ice Magic      | 4 5 6 |  6.4
Stealth        | 6 7 |  7.0
Spellcasting   | 3 5 |  5.5
Dodging        | 2 3 |  3.9
Evocations     | 3 |  3.7
Short Blades   | 2 |  2.3
Conjurations   | 1 5 |  5.4

Action                     |  1- 3 |  4- 6 |  7- 9 | 10-12 | 13-15 || total
---------------------------+-------+-------+-------+-------+-------++-------
  Melee: Club              |    42 |       |       |       |       ||    42
         Whip              |   126 |       |   178 |   614 |   553 ||  1471
         Punch             |     1 |       |     4 |    13 |     9 ||    27
         Flail             |       |   141 |   105 |       |       ||   246
   Cast: Frozen Ramparts   |       |       |       |    35 |    11 ||    46
         Hailstorm         |       |       |       |       |     2 ||     2
 Invoke: Divine Shield     |       |       |       |     6 |     5 ||    11
         Cleansing Flame   |       |       |       |     5 |     6 ||    11
  Evoke: Wand              |     8 |    23 |       |     5 |     4 ||    40
         Phantom mirror    |       |       |       |       |     1 ||     1
         Condenser vane    |       |       |       |       |     1 ||     1
    Use: Scroll            |     5 |     1 |     9 |    10 |     4 ||    29
         Potion            |       |     1 |       |     7 |     4 ||    12
   Stab: Sleeping          |     1 |       |       |       |       ||     1
 Armour: Leather armour    |    53 |    71 |       |       |       ||   124
         Scale mail        |       |    33 |   217 |   544 |   381 ||  1175
  Dodge: Dodged            |   102 |   132 |   138 |   360 |   325 ||  1057
  Block: Other             |       |       |       |    18 |    29 ||    47
